 Dungeon Crawl Stone Soup version 0.31-a0-232-gb1c03b2570 (webtiles) character file.

Game seed: 731202844647721272

114 qw the Shooter (level 4, 0/36 HPs)
             Began as a Minotaur Hexslinger on July 7, 2023.
             Slain by Dowan
             ... wielding a +0 dagger
              (4 damage)
             ... on level 4 of the Dungeon.
             The game lasted 00:00:54 (2323 turns).

qw the Shooter (Minotaur Hexslinger)                Turns: 2323, Time: 00:00:54

Health: 0/36       AC:  6    Str: 12    XL:     4   Next: 67%
Magic:  4/4        EV: 11    Int: 10    God:
Gold:   157        SH:  0    Dex: 15    Spells: 4/5 levels left

rFire   . . .        Y - +1 sling
rCold   . . .        (no shield)
rNeg    . . .        d - +0 ring mail
rPois   .            (helmet restricted)
rElec   .            g - +0 cloak
rCorr   .            (no gloves)
SInv    .            (no boots)
Will    .....        (no amulet)
Stlth   +            (no ring)
HPRegen 0.26/turn    (no ring)
MPRegen 0.09/turn

%: no passive effects
@: about to teleport
A: horns 2, retaliatory headbutt
a: no special abilities


You were on level 4 of the Dungeon.
You visited 1 branch of the dungeon, and saw 4 of its levels.

You collected 157 gold pieces.


Innate Abilities, Weirdness & Mutations

You have a pair of horns on your head.
You reflexively headbutt those who attack you in melee.


   Skills:
 + Level 2.2 Fighting
 - Level 5.0 Ranged Weapons
 - Level 1.0 Armour
 - Level 2.1 Dodging
 - Level 1.0 Spellcasting
 - Level 2.0 Hexes


You had 4 spell levels left.
You knew the following spells:

 Your Spells              Type           Power      Damage    Failure   Level
a - Slow                  Hex            16%        N/A       34%         1

Your spell library contained the following spells:

 Spells                   Type           Power      Damage    Failure   Level
 Inner Flame              Hex/Fire       2%         N/A       83%         3
 Portal Projectile        Hex/Tloc       4%         N/A       83%         3
 Cause Fear               Hex            2%         N/A       98%         4

Inventory:

Hand Weapons
 Y - a +1 sling (weapon)
Armour
 d - a +0 ring mail (worn)
 g - a +0 cloak (worn)
Potions
 a - a potion of mutation {unknown}
 b - a potion of magic {unknown}
 c - a potion of degeneration {unknown}
 e - a potion of heal wounds {unknown}
 h - a potion of ambrosia {unknown}
 l - a potion of might {unknown}

Dungeon Overview and Level Annotations

Branches:
Dungeon (4/15)
 Temple: D:4-7

Altars:
Elyvilon
Kikubaaqudgha

Annotations:
D:3 2 transporters, qw's ghost, weakling MiHs
D:4 Dowan; Duvessa


Message History

Enter note:
Enter note:
Enter note:
Enter note:
Enter note:
Enter note: You open the door.
There is an open door here.
Duvessa and Dowan come into view.
Found 9 gold pieces.
Duvessa shouts!
Dowan shouts!
Dowan gestures at Duvessa while chanting.
Duvessa seems to speed up.
Enter note:
Enter note:
Enter note:
Enter note:
Enter note:
Enter note:
Enter note:
Enter note:
Enter note:
Enter note:
Enter note:
Enter note: You shoot a sling bullet.
The sling bullet hits Dowan.
Dowan is lightly wounded.
You shoot a sling bullet. The sling bullet barely misses Dowan.
You shoot a sling bullet. The sling bullet hits Duvessa.
Duvessa is lightly wounded.
Duvessa hits you with a +0 short sword. Duvessa hits you with a +0 short sword!
You shoot a sling bullet. The sling bullet hits Duvessa.
Duvessa is lightly wounded.
Duvessa hits you with a +0 short sword! Dowan hits you with a +0 dagger.
Duvessa hits you with a +0 short sword. Dowan hits you with a +0 dagger.
2323 ||| READING scroll of teleportation.
As you read the scroll of teleportation, it crumbles to dust.
You feel strangely unstable. Duvessa barely misses you.
Dowan hits you with a +0 dagger.
You die...

#.....#...##...##
##...##.........#
##...##........#########
......#........##..$....
.....##...##....#.......
.....####+##....#.......
..........##...##.......
#######.>.##...##e......
##..:##........'@e......
.....#.........###+#####
.....'.........#
.....#..........
.....##...##....
.....##+####...## ######
##### .. .


You could see Duvessa (fast) and Dowan.

Vanquished Creatures
  A hound (D:4)
  An adder (D:4)
  A worm (D:2)
  3 dart slugs (D:1)
  7 ball pythons
  4 endoplasms
  4 giant cockroaches
  4 goblins
  7 hobgoblins
  5 jackals
  4 kobolds
  4 quokkas
  8 bats
  3 frilled lizards
  7 rats
63 creatures vanquished.

Vanquished Creatures (others)
  A human (D:4)
1 creature vanquished.

Grand Total: 64 creatures vanquished

Notes
Turn   | Place    | Note
-------+----------+-------------------------------------------
     0 | D:1      | qw the Minotaur Hexslinger began the quest for the Orb.
     0 | D:1      | Reached XP level 1. HP: 16/16 MP: 1/1
     0 | D:1      | 0 ||| qw: Version: 0.3-a-46-gb1f654a
     0 | D:1      | 0 ||| qw: Game counter: 2269
     0 | D:1      | 0 ||| qw: Melee chars always use a shield: true
     0 | D:1      | 0 ||| qw: God list: Okawaru
     0 | D:1      | 0 ||| qw: Allow faded altars: false
     0 | D:1      | 0 ||| qw: Do Orc after clearing Dungeon:15 true
     0 | D:1      | 0 ||| qw: Do second Lair branch before Depths: true
     0 | D:1      | 0 ||| qw: Lair rune preference: random
     0 | D:1      | 0 ||| qw: Goals: Normal
     0 | D:1      | 0 ||| PLANNING D:1-11
   199 | D:1      | Reached skill level 3 in Ranged Weapons
   204 | D:1      | Reached XP level 2. HP: 23/23 MP: 2/2
   213 | D:1      | 213 ||| FLEEEEING.
   597 | D:1      | Reached XP level 3. HP: 29/29 MP: 3/3
   940 | D:1      | Found a faded altar of an unknown god.
   941 | D:1      | 941 ||| UPGRADING to +0 cloak.
   946 | D:1      | 946 ||| READING scroll labelled YMUCEU XOZA.
   950 | D:1      | 950 ||| READING scroll labelled CIGORHAESH.
   951 | D:1      | 951 ||| DROPPING scroll of poison.
  1086 | D:2      | Reached skill level 4 in Ranged Weapons
  1166 | D:2      | You fall into a shaft and drop 2 floors!
  1167 | D:4      | 1167 ||| UPGRADING to +0 ring mail.
  1177 | D:4      | 1177 ||| DROPPING +0 robe.
  1178 | D:4      | 1178 ||| READING scroll labelled SYJA QUAHEHA.
  1323 | D:3      | 1323 ||| READING scroll labelled RUDEKI ALEQAATE.
  1556 | D:3      | Noticed qw's ghost (weakling MiHs)
  1565 | D:3      | Found a transporter.
  1603 | D:3      | Found a white marble altar of Elyvilon.
  1719 | D:3      | Reached skill level 1 in Armour
  1757 | D:3      | Found a transporter.
  1780 | D:3      | Reached XP level 4. HP: 36/36 MP: 4/4
  1959 | D:3      | 1959 ||| READING scroll labelled URUKOI YLUTAEN.
  1960 | D:3      | 1960 ||| READING scroll labelled EPPUDUFR BENUN.
  1961 | D:3      | 1961 ||| READING 2 scrolls labelled MAIJYX YDWIOSI.
  1962 | D:3      | 1962 ||| DRINKING 2 orange potions.
  2003 | D:3      | 2003 ||| DROPPING potion of lignification.
  2004 | D:3      | 2004 ||| DROPPING scroll of revelation.
  2125 | D:4      | Reached skill level 5 in Ranged Weapons
  2142 | D:4      | Found an ancient bone altar of Kikubaaqudgha.
  2143 | D:4      | Noticed a human
  2146 | D:4      | Killed a human
  2318 | D:4      | Noticed Duvessa
  2318 | D:4      | Noticed Dowan
  2322 | D:4      | HP: 9/36 [Dowan/+0 dagger (5)]
  2322 | D:4      | HP: 4/36 [Dowan/+0 dagger (3)]
  2323 | D:4      | 2323 ||| READING scroll of teleportation.
  2323 | D:4      | Slain by Dowan

Levels and vault maps discovered:
D:1:      roderic_crossed_star, layout_loops_corners,
          shapermc_ecumenical_altar_acropolis
D:2:      layout_rooms, chequers_serial_rivers_micro_a, st_stairs_1
D:3:      layout_basic, nicolae_elyvilon_peaceful_grove, gammafunk_ghost_arena
D:4:      layout_gridville, tgw_kikubaaqudgha, serial_glass, glass_columns_b,
          glass_columns_c, uniq_duvessa

Skill      XL: |  1  2  3  4 |
---------------+-------------+-----
Ranged Weapons | 3 4 5 |  5.0
Fighting       | 2 |  2.2
Armour         | 1 |  1.0
Dodging        | |  2.1
Spellcasting   | |  1.0
Hexes          | |  2.0

Action                     |  1- 3 |  4- 6 || total
---------------------------+-------+-------++-------
   Fire: Sling             |   149 |    36 ||   185
    Use: Scroll            |     4 |     4 ||     8
         Potion            |       |     1 ||     1
 Armour: Robe              |     3 |       ||     3
         Ring mail         |    19 |     8 ||    27
  Dodge: Dodged            |    37 |     8 ||    45

Table legend:
 A = Non-vault XP
 B = Vault XP
 C = Vault XP percentage of total XP
 D = Non-vault monster count
 E = Vault monster count
 F = Vault count percentage of total count
                 A         B        C        D         E       F
            +---------+---------+-------+---------+---------+-------
      Total |     158 |       6 |   3.7 |      61 |       2 |   3.2
            +---------+---------+-------+---------+---------+-------
        D:1 |      54 |       0 |   0.0 |      29 |       0 |   0.0
        D:2 |      14 |       6 |  30.0 |       8 |       2 |  20.0
        D:3 |      26 |       0 |   0.0 |      16 |       0 |   0.0
        D:4 |      64 |       0 |   0.0 |       8 |       0 |   0.0
            +---------+---------+-------+---------+---------+-------
